 Dungeon Crawl Stone Soup version 0.27.1-3-gb3d3a73c9e (webtiles) character file.

Game seed: 8067197883836980867

489192 raph the Warrior (level 25, 0/189 HPs)
             Began as a Djinni Fire Elementalist on Oct 15, 2021.
             Was the Champion of Nemelex Xobeh.
             Slain by a polar bear (5 damage)
             ... summoned by a spriggan berserker
             ... led by a spriggan defender
             ... on level 3 of the Depths on Oct 16, 2021.
             The game lasted 03:56:22 (67589 turns).

raph the Warrior (Djinni Fire Elementalist)        Turns: 67589, Time: 03:56:23

Health: 0/189      AC: 24    Str: 16    XL:     25   Next: 93%
Gold:   4621       EV: 38    Int: 36    God:    Nemelex Xobeh [******] SH:  0 Dex: 18

rFire    + + .     SeeInvis +   b - +9 lajatang of Iconoclasm {protect, Int+6}
rCold    . . .     Faith    .   (shield currently unavailable)
rNeg     . . .     Spirit   .   L - +4 troll leather armour {Snorg}
rPois    ∞         Reflect  .   A - +3 crown of Dyrovepreva {rElec Int+2 SInv}
rElec    +         Harm     .   v - +2 cloak {Will+}
rCorr    .         Rampage  .   k - +2 pair of gloves {Dex+3}
Will     +++..                  (boots unavailable)
Stlth    ++++++....             S - amulet "Wiahahec" {Acrobat rPois Int+3 SInv}
HPRegen  1.41/turn              t - ring of Juhuic {rC+ Str+4}
MPRegen  0.00/turn              T - +4 ring of protection

@: acrobatic, flying, studying 3 skills
A: sickness immunity, fire resistance 2, cold vulnerability 1, float, innate
caster, hp casting, extra vitality 1, antennae 1, strong 1, wild magic 1
}: 3/15 runes: serpentine, barnacled, slimy
a: Renounce Religion, Draw Escape, Draw Destruction, Draw Summoning, Triple
Draw, Deal Four, Stack Five


You were on level 3 of the Depths.
You worshipped Nemelex Xobeh.
Nemelex Xobeh was exalted by your worship.
You visited 9 branches of the dungeon, and saw 46 of its levels.
You visited the Abyss 1 time.
You also visited: Volcano.

You collected 6035 gold pieces.
You spent 1414 gold pieces at shops.

Inventory:

Hand Weapons
 b - the +9 lajatang of Iconoclasm (weapon) {protect, Int+6}
   (You acquired it on level 6 of the Lair of Beasts)

   It grants its wielder temporary protection when it strikes (+7 to AC).
   Int:       It affects your intelligence (+6).
 g - the +7 quarterstaff "Orb Guardian's Peril" {vorpal, rF+}
   (You bought it in a shop on level 4 of the Dungeon)

   It inflicts extra damage upon your enemies.
   rF:        It protects you from fire.
 O - a +4 lajatang of electrocution
Missiles
 V - 4 throwing nets
Armour
 k - a +2 pair of gloves of dexterity (worn)
 v - a +2 cloak of willpower (worn)
 A - the +3 crown of Dyrovepreva (worn) {rElec Int+2 SInv}
   (You found it on level 5 of the Pits of Slime)

   Int:       It affects your intelligence (+2).
   rElec:     It insulates you from electricity.
   SInv:      It lets you see invisible.
 L - a +4 troll leather armour (worn) {Snorg}
Magical Staves
 a - a staff of fire
Jewellery
 t - the ring of Juhuic (left hand) {rC+ Str+4}
   (You took it off a deep elf demonologist on level 3 of the Elven Halls)

   [ring of protection from cold]

   Str:       It affects your strength (+4).
   rC:        It protects you from cold.
 w - the amulet "Ketug" {Reflect Str+2 SH+5}
   (You took it off a deep elf sorcerer on level 3 of the Elven Halls)

   [amulet of reflection]

   It reflects blocked missile attacks.
   Str:       It affects your strength (+2).
   SH:        It affects your SH (+5).
 z - the ring of Starshine {Will+ MP+9 SInv}
   (You found it on level 5 of the Pits of Slime)

   [ring of magical power]

   MP:        It affects your magic capacity (+9).
   SInv:      It lets you see invisible.
   Will:      It increases your willpower.
 S - the amulet "Wiahahec" (around neck) {Acrobat rPois Int+3 SInv}
   (You took it off a kobold demonologist on level 13 of the Dungeon)

   [amulet of the acrobat]

   It increases your evasion while moving and waiting.
   Int:       It affects your intelligence (+3).
   rPois:     It protects you from poison.
   SInv:      It lets you see invisible.
 T - a +4 ring of protection (right hand)
Wands
 e - a wand of mindburst (104)
 i - a wand of paralysis (20)
 l - a wand of charming (9)
 o - a wand of flame (138)
 C - a wand of digging (13)
 D - a wand of iceblast (85)
 J - a wand of acid (22)
Scrolls
 c - 3 scrolls of immolation
 m - 4 scrolls of summoning
 q - 21 scrolls of teleportation
 u - a scroll of magic mapping
 y - 25 scrolls of identify
 F - 11 scrolls of fear
 H - 7 scrolls of enchant armour
 I - 3 scrolls of enchant weapon
 K - 9 scrolls of blinking
 N - a scroll of holy word
 Q - 4 scrolls of fog
 Y - 2 scrolls of silence
Potions
 f - 17 potions of curing
 h - 5 potions of haste
 j - a potion of invisibility
 n - 3 potions of cancellation
 p - 5 potions of heal wounds
 r - 9 potions of might
 x - 8 potions of ambrosia
 B - 5 potions of brilliance
 M - 9 potions of mutation
 R - 4 potions of resistance
 X - 3 potions of berserk rage
Miscellaneous
 G - a lightning rod (4/4)
 P - a condenser vane
 U - a phantom mirror
 W - a phial of floods
 Z - a box of beasts


   Skills:
 * Level 18.9 Fighting
 - Level 14.0 Staves
 - Level 13.9 Armour
 + Level 18.1 Dodging
 + Level 14.8 Stealth
 * Level 17.4 Spellcasting
 - Level 12.2 Invocations
 - Level 7.8 Evocations


You couldn't memorise any spells.
You knew the following spells:

 Your Spells              Type           Power      Damage    Failure   Level
a - Foxfire               Conj/Fire      100%       2x1d9     1%          1
b - Conjure Flame         Conj/Fire      100%       6-21      1%          3
c - Inner Flame           Hex/Fire       100%       N/A       1%          3
d - Sticky Flame          Conj/Fire      100%       2d11      1%          4
e - Fireball              Conj/Fire      58%        3d22      1%          5
f - Magic Dart            Conj           100%       1d8       1%          1
g - Poisonous Vapours     Pois/Air       100%       N/A       1%          2
h - Wereblood             Tmut           100%       N/A       1%          2
i - Gell's Gravitas       Tloc           58%        N/A       1%          3
j - Animate Armour        Summ/Erth      100%       N/A       1%          4
k - Metabolic Englaciati  Hex/Ice        58%        N/A       1%          5
l - Conjure Ball Lightni  Conj/Air       58%        3x3d21    1%          6
m - Starburst             Conj/Fire      58%        6d16      1%          6
n - Statue Form           Tmut/Erth      78%        N/A       1%          6
o - Infestation           Necr           58%        N/A       10%         8
p - Dragon Form           Tmut           58%        N/A       1%          7
q - Lehudib's Crystal Sp  Conj/Erth      58%        10d14     10%         8
Your spell library was empty.

Dungeon Overview and Level Annotations

Branches:
Dungeon (15/15)            Temple (0/1) D:7            Lair (6/6) D:11
 Shoals (4/4) Lair:4        Snake (4/4) Lair:4        Slime (5/5) Lair:6
    Orc (2/2) D:11            Elf (3/3) Orc:2        Vaults (4/5) D:13
  Crypt (0/3) Vaults:3     Depths (3/5) D:15        Volcano (visited)

Altars:
Ashenzari
Elyvilon
Fedhas
Gozag
Hepliaklqana
Kikubaaqudgha
Nemelex Xobeh
Okawaru
Qazlal
Ru
Sif Muna
Trog
Vehumet
Wu Jian
Xom
Beogh
Jiyva
Lugonu

Shops:
D:4 *   D:7 (   D:9 *   D:11 *   Orc:2 *[*:(   Elf:1 ?   Elf:2 ?
Snake:2 [=::*   Vaults:3 *   Depths:2 :*

Portals:
Hell: Depths:1 Depths:2 Depths:3
Abyss: Shoals:3
Pandemonium: Depths:1 Depths:3
Ziggurat: Depths:1

Annotations:
Shoals:3 1 runed translucent door
Vaults:2 Bai Suzhen


Innate Abilities, Weirdness & Mutations

You are immune to sickness and miasma.
You are immune to poison.
Your flesh is very heat resistant. (rF++)
You are vulnerable to cold. (rC-)
You float through the air rather than walking.
You learn spells naturally, not from books.
Your magical power is your life essence.
You have superior vitality. (+4 HP)
You have a pair of small antennae on your head.
Your muscles are strong. (Str +2)
Your spells are a little harder to cast, but a little more powerful.


Message History

The polar bear bites you but does no damage.
The polar bear completely misses you.
The polar bear claws you but does no damage.
The spriggan berserker hits you with a +0 quarterstaff!
Casting: Starburst (mildly dangerous; 1% risk of failure)
Confirm with . or Enter, or press ? or * to list all spells.
Casting: Starburst (mildly dangerous; 1% risk of failure)
Press: ? - help, Dir - look around, f - activate The bolt of fire hits the polar bear!!
The polar bear is heavily wounded.
The bolt of fire hits the spriggan berserker!!
The spriggan berserker is heavily wounded.
The polar bear misses you. x2; The polar bear completely misses you.
The spriggan berserker completely misses you.
The polar bear barely misses you.
The polar bear claws you but does no damage. x2
Casting: Starburst (mildly dangerous; 1% risk of failure)
Confirm with . or Enter, or press ? or * to list all spells.
Aiming: Sticky Flame (safe; 1% risk of failure)
Press: ? - help, Shift-Dir - straight line, f - spriggan berserker
Aim: a spriggan berserker, wielding a +0 quarterstaff and wearing a +0 animal skin (heavily wounded, berserk, regenerating, strong-willed, 100% to hit)
The sticky flame hits the spriggan berserker!
The spriggan berserker is heavily wounded.
The spriggan berserker is covered in liquid flames!
The spriggan berserker burns!
The spriggan berserker hits you with a +0 quarterstaff!!
* * * LOW HITPOINT WARNING * * *
The polar bear barely misses you. The polar bear misses you.
The polar bear claws you but does no damage.
The spriggan berserker hits you with a +0 quarterstaff.
* * * LOW HITPOINT WARNING * * *
The spriggan berserker burns!
The polar bear completely misses you. x3
The spriggan berserker completely misses you.
The spriggan berserker burns!
The spriggan berserker burns!
The spriggan berserker hits you with a +0 quarterstaff!!
* * * LOW HITPOINT WARNING * * *
The polar bear completely misses you. The polar bear claws you.
You die...
Your body glows slightly and disappears.

..............#...........# #...
..........................# ##..
####'#......).............#####..
[)##.#.......).............##....
##)#.#..[.....)....$†............
.#.#.#(..........................
.∩.#.#...###.....[...............
..##.#..## ##..ih.......[.......#
#...##.## ##...@.......###.....#
######..####....∩.....## ####..#
.....'...##..†..####..# #.##
######.........## #### ###
...†)..........# ########...###.#
##### ###


You could see a spriggan berserker (berserk, regenerating, strong-willed,
burning) and a polar bear (summoned, berserk).

Vanquished Creatures
  the Royal Jelly (Slime:5)
  A juggernaut (Depths:2)
  Boris (Vaults:2)
  Margery (Vaults:2)
  2 caustic shrikes
  A Brimstone Fiend (Depths:3)
  An Ice Fiend (Depths:3)
  2 titans
  2 quicksilver dragons (Snake:4)
  3 tentacled monstrosities (Depths:2)
  A deep elf master archer (Elf:3)
  Asterion (Vaults:3)
  2 deep elf blademasters
  14 acid blobs
  Frances (Elf:1)
  4 krakens
  A tengu reaver (Vaults:1)
  4 sphinxes
  Donald (Orc:2)
  6 azure jellies
  4 rockslimes
  Kirke (Shoals:3)
  10 fire giants
  5 nagarajas
  A storm dragon (Depths:2)
  Roxanne (Elf:1)
  Aizul (Snake:1)
  11 vault wardens
  Louise (Shoals:1)
  2 orc warlords
  An iron dragon (Depths:2)
  7 frost giants
  A ghoul (Vaults:3)
  2 balrugs (Depths:3)
  6 deep elf sorcerers
  6 deep elf elementalists
  6 spriggan defenders
  5 quicksilver oozes (Slime:5)
  12 ironbound preservers
  A war gargoyle (Vaults:1)
  12 very ugly things
  5 stone giants
  2 vampire knights (Depths:1)
  A lorocyproca (Depths:3)
  9 deep elf demonologists
  5 deep elf annihilators (Elf:3)
  2 dire elephants (Vaults:3)
  3 entropy weavers
  4 deep elf death magi
  The ghost of Ytyol the Fighter, a journeyman GnWn of Xom (Lair:3)
  Snorg (D:11)
  An eleionoma (Elf:2)
  5 merfolk javelineers
  4 blizzard demons (Depths:3)
  2 fire dragons
  A yaktaur captain (Vaults:1)
  5 merfolk impalers
  6 deep elf high priests
  7 ettins
  Josephine (D:14)
  9 great orbs of eyes
  6 ironbound thunderhulks
  11 boulder beetles
  3 ice dragons
  A merfolk avatar (Shoals:4)
  A monstrous demonspawn (Depths:3)
  5 naga warriors
  Erolcha (D:11)
  A peacekeeper (Vaults:1)
  8 hydras
  A rakshasa (Depths:1)
  4 catoblepae
  2 ogre magi
  5 vault guards
  2 satyrs
  7 ironbound frosthearts
  4 alligator snapping turtles
  3 salamander tyrants (Snake:4)
  A spriggan air mage (Depths:3)
  5 merfolk aquamancers
  20 dancing weapons
  16 centaur warriors
  11 two-headed ogres
  An alligator (shapeshifter) (D:13)
  14 death yaks
  8 anacondas
  Urug (Lair:6)
  11 tengu warriors
  2 vampire magi
  5 ironbound beastmasters
  A spriggan berserker (Depths:3)
  3 deep troll earth magi (Depths:1)
  2 orc high priests
  6 shock serpents
  12 naga sharpshooters
  4 hell knights (Vaults:2)
  16 deep elf knights
  2 iron trolls
  A sixfirhy (Depths:3)
  2 salamander mystics
  3 skeletal warriors
  A deep troll (shapeshifter) (D:13)
  A fire crab (Lair:3)
  2 flayed ghosts (Depths:2)
  15 sea snakes
  A swamp dragon (Slime:3)
  29 deep trolls
  9 wizards
  6 glowing orange brains
  7 lindwurms
  2 naga ritualists (Snake:2)
  A glowing orange brain (shapeshifter) (D:14)
  2 anaconda skeletons (Volcano)
  3 phantasmal warriors
  12 ironbound convokers
  5 necromancers
  13 deep elf archers
  14 harpies
  19 deep elf zephyrmancers
  7 orc knights
  9 mana vipers
  A stone giant zombie (Vaults:4)
  5 orc sorcerers
  14 manticores
  46 ugly things
  24 deep elf pyromancers
  A shining eye (shapeshifter) (D:15)
  9 cyclopes
  2 large abominations (Elf:1)
  8 salamanders
  7 fauns
  5 oklob plants
  2 salamanders (shapeshifter)
  12 elephants
  6 guardian serpents
  13 merfolk sirens
  4 eyes of devastation
  A smoke demon (Depths:3)
  34 black mambas
  5 water nymphs
  12 cane toads
  3 vault sentinels
  5 gargoyles (Volcano)
  2 apocalypse crabs (Shoals:3)
  15 naga magi
  A torpor snail (Lair:3)
  2 hellions (Depths:3)
  28 yaktaurs
  3 kobold demonologists
  An efreet (D:13)
  A freezing wraith (D:14)
  2 ice devils (Depths:3)
  6 rime drakes
  A komodo dragon (shapeshifter) (Depths:3)
  19 komodo dragons
  3 tengu conjurers
  A red devil (Depths:3)
  21 merfolk
  A merfolk (shapeshifter) (D:13)
  6 trolls
  A jumping spider (Vaults:2)
  2 hornets
  A harpy skeleton (Volcano)
  A polar bear (Lair:5)
  78 slime creatures
  14 blink frogs
  The ghost of MisterFreud the Stinger, an amateur GnVM of Elyvilon (D:3)
  12 wind drakes
  11 dream sheep
  10 snapping turtles
  2 air elementals
  3 shadows
  3 flying skulls (Volcano)
  7 redbacks
  A spriggan (Depths:3)
  A spriggan (shapeshifter) (D:15)
  10 water elementals
  4 vampires
  An alligator skeleton (Volcano)
  3 fire elementals
  49 yaks
  6 hogs
  4 wyverns
  12 golden eyes
  A human (Shoals:4)
  5 wraiths
  11 vampire mosquitoes
  A chaos spawn (Abyss:2)
  3 neqoxecs (Depths:3)
  8 basilisks
  2 wargs (Orc:2)
  Duvessa (D:4)
  29 nagas
  A floating eye (shapeshifter) (D:13)
  An acid dragon (D:10)
  19 water moccasins
  2 floating eyes
  28 orc warriors
  Purgy (D:4)
  2 sky beasts
  3 necrophages
  3 ice beasts
  A black bear (Lair:2)
  7 ogres
  25 centaurs
  6 wolves (Lair:3)
  A phantom (D:7)
  4 kobold brigands (D:8)
  2 elf zombies (Elf:1)
  3 earth elementals
  2 gnoll sergeants
  6 bullfrogs
  A cane toad simulacrum (D:13)
  A scorpion (D:4)
  Dowan (D:4)
  A two-headed ogre simulacrum (D:13)
  An elephant simulacrum (D:13)
  3 killer bees (D:7)
  3 spriggan skeletons (Volcano)
  A troll skeleton (Volcano)
  7 wights (D:9)
  5 centaur zombies
  2 crimson imps (Depths:3)
  3 hounds
  3 bullfrog skeletons
  15 orc priests
  2 centaur skeletons
  25 orc wizards
  A scorpion zombie (D:5)
  3 iguanas
  A spriggan simulacrum (D:13)
  8 hell rats (Lair:6)
  2 troll simulacra (D:13)
  A wolf simulacrum (D:13)
  A killer bee zombie (D:7)
  3 naga skeletons (Volcano)
  9 gnolls
  A howler monkey skeleton (D:3)
  7 adders
  5 river rats (Lair:6)
  A naga simulacrum (D:13)
  2 shadow imps (D:8)
  2 white imps
  2 dart slugs
  72 orcs
  3 bats
  2 endoplasms
  2 giant cockroaches (D:1)
  5 goblins
  12 hobgoblins
  5 quokkas
  8 ball pythons
  A bat (shapeshifter) (Depths:2)
  3 frilled lizards
  37 kobolds
  5 kobold skeletons (D:8)
  12 kobold zombies (D:8)
  5 rats
  A bush (Lair:6)
  8 tentacles
1641 creatures vanquished.

Vanquished Creatures (collateral kills)
  A deep elf master archer (Elf:3)
  A rockslime (Slime:5)
  An azure jelly (Slime:5)
  A fire giant (Depths:1)
  A vault warden (Vaults:2)
  A deep elf demonologist (Elf:3)
  A deep elf annihilator (Elf:3)
  A deep troll earth mage (Depths:1)
  3 deep elf knights
  A skeletal warrior (Volcano)
  A deep elf archer (Elf:3)
  A wizard (Depths:1)
  5 deep elf zephyrmancers
  2 deep elf pyromancers
  2 ugly things (D:15)
  4 elephants (Lair:4)
  2 yaktaurs (Vaults:2)
  A warg (Orc:1)
  2 orc warriors (Orc:1)
  3 centaurs (D:15)
  2 earth elementals (Elf:3)
  An orc wizard (Orc:1)
  3 orcs (Orc:1)
  3 ball lightnings
44 creatures vanquished.

Vanquished Creatures (others)
  A fire dragon (Depths:2)
  A sea snake (Shoals:3)
  A deep elf zephyrmancer (Elf:3)
  A slime creature (Slime:4)
  An orc wizard (Orc:2)
  82 ball lightnings
  A bush (Lair:5)
  769 foxfires
  19 fungi
  124 plants
  19 tentacles
1019 creatures vanquished.

Grand Total: 2704 creatures vanquished

Notes
Turn   | Place    | Note
-------+----------+-------------------------------------------
     0 | D:1      | raph the Djinni Fire Elementalist began the quest for the
                  | Orb.
     0 | D:1      | Reached XP level 1. HP: 15/15 MP: 0/0
   171 | D:1      | Found a faded altar of an unknown god.
   309 | D:1      | Reached XP level 2. HP: 18/21 MP: 0/0
  1046 | D:2      | Reached XP level 3. HP: 21/25 MP: 0/0
  1046 | D:2      | Learned a level 1 spell: Magic Dart
  1379 | D:2      | Reached XP level 4. HP: 29/31 MP: 0/0
  1661 | D:3      | Noticed an ogre
  1668 | D:3      | Noticed MisterFreud's ghost (amateur GnVM)
  2457 | D:3      | Found a runed translucent gate.
  2457 | D:3      | Found a runed translucent gate.
  2461 | D:3      | Found a runed translucent gate.
  2831 | D:3      | Reached XP level 5. HP: 31/35 MP: 0/0
  2831 | D:3      | Learned a level 2 spell: Poisonous Vapours
  3232 | D:4      | Found a sparkling altar of Nemelex Xobeh.
  3255 | D:4      | Became a worshipper of Nemelex Xobeh the Trickster
  3421 | D:4      | Found a stormy altar of Qazlal.
  3527 | D:4      | Noticed Duvessa
  3550 | D:4      | Reached skill level 1 in Fighting
  3550 | D:4      | Reached XP level 6. HP: 33/42 MP: 0/0
  3632 | D:4      | Noticed Dowan
  3655 | D:4      | Killed Duvessa
  3657 | D:5      | Entered Level 5 of the Dungeon
  3729 | D:5      | Noticed an ice beast
  3839 | D:5      | Killed an ice beast
  3840 | D:5      | Reached XP level 7. HP: 27/49 MP: 0/0
  3840 | D:5      | Learned a level 2 spell: Wereblood
  5007 | D:5      | Reached XP level 8. HP: 51/55 MP: 0/0
  5087 | D:5      | Found an iron altar of Okawaru.
  5330 | D:4      | Killed Dowan
  5645 | D:4      | Noticed Purgy
  5651 | D:4      | Killed Purgy
  5652 | D:4      | Reached skill level 5 in Dodging
  5778 | D:4      | Found Ceofuulu's Assorted Antiques.
  5805 | D:4      | Reached skill level 5 in Spellcasting
  6007 | D:4      | Bought a scroll of identify for 60 gold pieces
  6007 | D:4      | Bought a scroll of identify for 60 gold pieces
  6180 | D:6      | Reached * piety under Nemelex Xobeh
  6619 | D:6      | Received a gift from Nemelex Xobeh
  6654 | D:6      | Found an ornate altar of the Wu Jian Council.
  6780 | D:6      | Found a large runed translucent door.
  6787 | D:6      | Found a large runed translucent door.
  6945 | D:6      | Reached XP level 9. HP: 62/62 MP: 0/0
  6945 | D:6      | Learned a level 3 spell: Gell's Gravitas
  7344 | D:7      | Found a staircase to the Ecumenical Temple.
  7443 | D:7      | Found a shimmering altar of Xom.
  7444 | D:7      | Found a broken altar of Ashenzari.
  7777 | D:7      | Found Futhin's Antique Weapon Boutique.
  7787 | D:7      | Reached skill level 5 in Stealth
  8456 | D:7      | Found an opulent altar of Gozag.
  8528 | D:7      | Reached skill level 5 in Fighting
  9140 | D:7      | Reached XP level 10. HP: 28/70 MP: 0/0
  9355 | D:7      | Reached ** piety under Nemelex Xobeh
  9595 | D:8      | Reached skill level 1 in Invocations
 10857 | D:8      | Noticed a kobold demonologist
 10865 | D:8      | Killed a kobold demonologist
 12131 | D:9      | Found a white marble altar of Elyvilon.
 12374 | D:9      | Found a blossoming altar of Fedhas.
 12443 | D:9      | Reached XP level 11. HP: 49/77 MP: 0/0
 12443 | D:9      | Learned a level 4 spell: Animate Armour
 12673 | D:9      | Received a gift from Nemelex Xobeh
 12960 | D:9      | Found Wyefybb's General Store.
 13060 | D:7      | Bought a polished quarterstaff for 243 gold pieces
 13060 | D:7      | Identified the +4 quarterstaff of Vaas {vorpal, Str+3} (You
                  | bought it in a shop on level 7 of the Dungeon)
 13257 | D:10     | Entered Level 10 of the Dungeon
 13284 | D:10     | Noticed a two-headed ogre
 13580 | D:10     | Reached *** piety under Nemelex Xobeh
 13827 | D:10     | Killed a two-headed ogre
 14038 | D:10     | Received a gift from Nemelex Xobeh
 14156 | D:10     | Noticed a two-headed ogre
 14164 | D:10     | Killed a two-headed ogre
 14650 | D:11     | Noticed Snorg
 14651 | D:11     | Found a staircase to the Lair.
 14671 | D:11     | Killed Snorg
 14958 | D:11     | Noticed an oklob plant
 14974 | D:11     | Killed an oklob plant
 15120 | D:11     | Found Gece's General Store.
 15133 | D:11     | Noticed Erolcha
 15138 | D:11     | Noticed a two-headed ogre
 15140 | D:11     | Killed Erolcha
 15379 | D:11     | Reached skill level 5 in Invocations
 15405 | D:11     | Reached XP level 12. HP: 66/85 MP: 0/0
 15465 | D:11     | Killed a two-headed ogre
 15630 | D:11     | Found a staircase to the Orcish Mines.
 15825 | D:12     | Noticed a centaur warrior
 15829 | D:12     | Killed a centaur warrior
 15886 | Lair:1   | Entered Level 1 of the Lair of Beasts
 15894 | Lair:1   | Found a bloodstained altar of Trog.
 15928 | Lair:1   | Noticed a five-headed hydra
 15934 | Lair:1   | Killed a five-headed hydra
 16013 | Lair:1   | Reached **** piety under Nemelex Xobeh
 16148 | Lair:1   | Received a gift from Nemelex Xobeh
 16162 | Lair:1   | Reached skill level 1 in Staves
 16284 | Lair:1   | Noticed a five-headed hydra
 16305 | Lair:1   | Killed a five-headed hydra
 16453 | Lair:1   | Reached skill level 1 in Evocations
 16934 | Lair:2   | Noticed a boulder beetle
 17342 | Lair:2   | Received a gift from Nemelex Xobeh
 17419 | Lair:2   | Reached XP level 13. HP: 80/92 MP: 0/0
 17419 | Lair:2   | Learned a level 5 spell: Metabolic Englaciation
 17562 | Lair:2   | Killed a boulder beetle
 17563 | Lair:2   | Reached skill level 5 in Staves
 18082 | Lair:2   | Reached skill level 10 in Dodging
 18268 | Lair:3   | Reached skill level 10 in Spellcasting
 18385 | Lair:3   | Received a gift from Nemelex Xobeh
 18390 | Lair:3   | Noticed Ytyol's ghost (journeyman GnWn)
 18396 | Lair:3   | Found a runed translucent gate.
 18396 | Lair:3   | Found a runed translucent gate.
 18397 | Lair:3   | Found a runed translucent gate.
 18399 | Lair:3   | Noticed a five-headed hydra
 18636 | Lair:3   | Reached ***** piety under Nemelex Xobeh
 18882 | Lair:3   | Found a broken altar of Ashenzari.
 19526 | Lair:4   | Received a gift from Nemelex Xobeh
 19705 | Lair:4   | Found a staircase to the Snake Pit.
 19851 | Lair:4   | Found a dark tunnel.
 19894 | Volcano  | Entered a volcano
 19940 | Volcano  | Reached skill level 1 in Armour
 20044 | Volcano  | Reached XP level 14. HP: 73/101 MP: 0/0
 20636 | Lair:4   | Found a staircase to the Shoals.
 21524 | Lair:5   | Received a gift from Nemelex Xobeh
 21851 | Lair:5   | Received a gift from Nemelex Xobeh
 22141 | Lair:5   | Received a gift from Nemelex Xobeh
 22298 | Lair:5   | Reached skill level 5 in Evocations
 22416 | Lair:5   | Received a gift from Nemelex Xobeh
 22765 | Lair:6   | Entered Level 6 of the Lair of Beasts
 23192 | Lair:6   | Noticed Urug
 23198 | Lair:6   | Killed Urug
 23199 | Lair:6   | Reached skill level 10 in Staves
 23219 | Lair:6   | Reached ****** piety under Nemelex Xobeh
 23296 | Lair:6   | Reached XP level 15. HP: 92/106 MP: 0/0
 23296 | Lair:6   | Learned a level 6 spell: Conjure Ball Lightning
 23415 | Lair:6   | Identified a scroll of acquirement
 23415 | Lair:6   | Acquired the +9 lajatang of Iconoclasm {protect, Int+6}
 23494 | Lair:6   | Found a viscous altar of Jiyva.
 23494 | Lair:6   | Found a staircase to the Slime Pits.
 23494 | Lair:6   | Received a gift from Nemelex Xobeh
 23724 | Lair:6   | Reached skill level 10 in Invocations
 24085 | Lair:6   | Reached skill level 10 in Fighting
 24130 | Lair:6   | Identified the +10 arbalest of Cheibriados {penet, rCorr
                  | Str+3}
 24678 | Orc:1    | Entered Level 1 of the Orcish Mines
 24907 | Orc:1    | You are sucked into a shaft and drop 1 floor!
 24907 | Orc:2    | Entered Level 2 of the Orcish Mines
 25023 | Orc:2    | Found a staircase to the Elven Halls.
 25309 | Orc:2    | Noticed Donald
 25415 | Orc:2    | Received a gift from Nemelex Xobeh
 25971 | Orc:2    | Noticed an orc warlord
 26085 | Orc:2    | Killed an orc warlord
 26191 | Orc:2    | Found Lanoh's General Store.
 26211 | Orc:2    | Found Peephatz's Antique Armour Emporium.
 26223 | Orc:2    | Bought a scroll of identify for 30 gold pieces
 26223 | Orc:2    | Bought a scroll of identify for 30 gold pieces
 26241 | Orc:2    | Bought a pair of embroidered gloves for 202 gold pieces
 26255 | Orc:2    | Found Mievitiu's Book Emporium.
 26270 | Orc:2    | Found Xicoduc's Antique Weapon Emporium.
 26461 | Orc:2    | Killed Donald
 26626 | Orc:2    | Found Eddeosel's Gadget Gallery.
 27026 | Orc:1    | Received a gift from Nemelex Xobeh
 27127 | D:12     | Reached XP level 16. HP: 104/113 MP: 0/0
 27254 | D:12     | Found a bloodstained altar of Trog.
 27425 | D:12     | Reached skill level 5 in Armour
 27512 | D:12     | Identified the +6 rapier of Agony {flame, Will+ Str+5}
 28010 | D:13     | Found a frozen archway.
 28245 | D:13     | Received a gift from Nemelex Xobeh
 28324 | D:13     | Found a gate to the Vaults.
 28622 | D:13     | Identified the amulet "Wiahahec" {Acrobat rPois Int+3 SInv}
 29299 | D:13     | Identified the +0 helmet of Terror {Dex+2}
 29794 | D:14     | Noticed Josephine
 29798 | D:14     | Killed Josephine
 30080 | D:14     | Reached XP level 17. HP: 97/120 MP: 0/0
 30080 | D:14     | Learned a level 6 spell: Starburst
 30282 | D:14     | Received a gift from Nemelex Xobeh
 30725 | D:15     | Entered Level 15 of the Dungeon
 31174 | D:15     | Received a gift from Nemelex Xobeh
 31706 | D:15     | Found a staircase to the Depths.
 32468 | Shoals:1 | Entered Level 1 of the Shoals
 32470 | Shoals:1 | Noticed Louise
 32577 | Shoals:1 | Killed Louise
 32770 | Shoals:1 | Received a gift from Nemelex Xobeh
 33047 | Shoals:1 | Found a runed translucent door.
 33313 | Shoals:1 | Received a gift from Nemelex Xobeh
 33412 | Shoals:1 | Noticed a kraken
 33430 | Shoals:1 | Killed a kraken
 34086 | Shoals:2 | You are sucked into a shaft and drop 1 floor!
 34086 | Shoals:3 | Found a runed translucent door.
 34408 | Shoals:2 | Received a gift from Nemelex Xobeh
 34417 | Shoals:2 | Reached XP level 18. HP: 104/128 MP: 0/0
 34532 | Shoals:2 | Noticed a kraken
 34548 | Shoals:2 | Killed a kraken
 34762 | Shoals:2 | Noticed a kraken
 34838 | Shoals:2 | Killed a kraken
 34983 | Shoals:2 | Received a gift from Nemelex Xobeh
 35655 | Shoals:3 | Found a corrupted altar of Lugonu.
 35656 | Shoals:3 | Found a one-way gate to the infinite horrors of the Abyss.
 35953 | Shoals:4 | Entered Level 4 of the Shoals
 36026 | Shoals:4 | Noticed Kirke
 36096 | Shoals:3 | Killed Kirke
 36129 | Shoals:4 | Noticed a kraken
 36204 | Shoals:4 | Killed a kraken
 36242 | Shoals:4 | Received a gift from Nemelex Xobeh
 36453 | Shoals:4 | Identified the ring "Hahofuus" {Str+4 SInv Stlth+}
 36700 | Shoals:4 | Got a barnacled rune of Zot
 37047 | Shoals:4 | Identified the +5 hand axe "Dragonslayer" {freeze, *Rage
                  | rPois rN+++ Dex+2}
 37777 | D:9      | Bought a potion of heal wounds for 65 gold pieces
 37905 | D:4      | Bought a warped quarterstaff for 270 gold pieces
 37905 | D:4      | Identified the +7 quarterstaff "Orb Guardian's Peril"
                  | {vorpal, rF+} (You bought it in a shop on level 4 of the
                  | Dungeon)
 38133 | Snake:1  | Entered Level 1 of the Snake Pit
 38133 | Snake:1  | Received a gift from Nemelex Xobeh
 38466 | Snake:1  | Noticed Aizul
 38481 | Snake:1  | Killed Aizul
 38482 | Snake:1  | Reached XP level 19. HP: 119/135 MP: 0/0
 38482 | Snake:1  | Learned a level 6 spell: Statue Form
 38597 | Snake:1  | You are sucked into a shaft and drop 1 floor!
 38806 | Snake:2  | Found Jishrievo's Jewellery Shop.
 38806 | Snake:2  | Found Radghoy's Book Emporium.
 38807 | Snake:2  | Found Faifuob's Book Emporium.
 39118 | Snake:1  | Received a gift from Nemelex Xobeh
 39594 | Snake:2  | Found Soheusch's Armour Shop.
 39805 | Snake:2  | Received a gift from Nemelex Xobeh
 39817 | Snake:2  | Found Piot's Neck Hole.
 39938 | Snake:3  | Identified the +0 trident of Urirph {vamp, rN+}
 40171 | Snake:3  | Received a gift from Nemelex Xobeh
 40464 | Snake:2  | Identified the +1 plate armour "Ufiodghu" {rPois Str+4
                  | Stlth+}
 41199 | Snake:3  | Received a gift from Nemelex Xobeh
 41551 | Snake:4  | Entered Level 4 of the Snake Pit
 42087 | Snake:4  | Received a gift from Nemelex Xobeh
 42117 | Snake:4  | Reached skill level 10 in Stealth
 43077 | Snake:4  | Reached XP level 20. HP: 90/144 MP: 0/0
 43348 | Snake:4  | Got a serpentine rune of Zot
 44110 | Vaults:1 | Entered Level 1 of the Vaults
 44117 | Vaults:1 | Received a gift from Nemelex Xobeh
 44905 | Vaults:1 | Received a gift from Nemelex Xobeh
 44960 | Vaults:1 | Identified the +3 chain mail of Okawaru's Condemnation
                  | {rF++ Slay-3}
 45217 | Vaults:1 | Received a gift from Nemelex Xobeh
 45403 | Vaults:1 | Reached skill level 10 in Armour
 46105 | Vaults:2 | Noticed Boris
 46118 | Vaults:2 | Killed Boris
 46298 | Vaults:2 | Received a gift from Nemelex Xobeh
 46563 | Vaults:2 | Reached XP level 21. HP: 135/152 MP: 0/0
 46563 | Vaults:2 | Learned a level 8 spell: Infestation
 46639 | Vaults:2 | Noticed Bai Suzhen
 46657 | Vaults:2 | Noticed Margery
 46684 | Vaults:2 | Killed Margery
 47933 | Vaults:3 | Received a gift from Nemelex Xobeh
 48498 | Vaults:3 | Reached skill level 15 in Dodging
 48524 | Vaults:3 | Reached skill level 15 in Fighting
 48547 | Vaults:3 | Reached skill level 15 in Spellcasting
 48838 | Vaults:3 | Found a staircase to the Crypt.
 48931 | Vaults:3 | Found Nurapsir's General Store.
 48935 | Vaults:3 | Received a gift from Nemelex Xobeh
 48938 | Vaults:3 | Bought a potion of heal wounds for 75 gold pieces
 48938 | Vaults:3 | Bought a potion of heal wounds for 75 gold pieces
 49213 | Vaults:3 | Noticed Asterion
 49234 | Vaults:3 | Killed Asterion
 49235 | Vaults:3 | Reached XP level 22. HP: 110/161 MP: 0/0
 50423 | Vaults:4 | Received a gift from Nemelex Xobeh
 50940 | D:3      | Killed MisterFreud's ghost
 51142 | D:6      | Found a hazy altar of Hepliaklqana.
 51152 | D:6      | Found a sacrificial altar of Ru.
 51439 | Lair:3   | Killed Ytyol's ghost
 52309 | Depths:1 | Entered Level 1 of the Depths
 52424 | Depths:1 | Found a gateway to a ziggurat.
 52954 | Depths:1 | Found a gateway to Hell.
 53239 | Depths:1 | Received a gift from Nemelex Xobeh
 53240 | Depths:1 | Found a one-way gate leading to the halls of Pandemonium.
 54215 | Depths:2 | Found an opulent altar of Gozag.
 54244 | Depths:2 | Found Gozag's Platinum Reserve.
 54495 | Depths:2 | Reached XP level 23. HP: 38/169 MP: 0/0
 54495 | Depths:2 | Learned a level 7 spell: Dragon Form
 54618 | Depths:2 | You are sucked into a shaft and drop 1 floor!
 54646 | Depths:3 | Noticed a caustic shrike
 54946 | Depths:2 | Received a gift from Nemelex Xobeh
 55184 | Depths:2 | Noticed a juggernaut
 55193 | Depths:2 | Killed a juggernaut
 55401 | Depths:2 | Found Isaxziewk's Book Emporium.
 56070 | Depths:2 | Found a stormy altar of Qazlal.
 56628 | Depths:3 | Noticed a caustic shrike
 56633 | Depths:3 | Noticed a caustic shrike
 56633 | Depths:3 | Noticed a caustic shrike
 56657 | Depths:2 | Killed a caustic shrike
 56945 | Elf:1    | Entered Level 1 of the Elven Halls
 57076 | Elf:1    | Received a gift from Nemelex Xobeh
 57219 | Elf:1    | Identified Roxanne's Grimoire of Stones
 57219 | Elf:1    | Noticed Roxanne
 57244 | Elf:1    | Killed Roxanne
 57389 | Elf:1    | Noticed Frances
 57403 | Elf:1    | Killed Frances
 57478 | Elf:1    | Found Ureduz's Magic Scroll Emporium.
 57487 | Elf:1    | Bought a scroll of teleportation for 39 gold pieces
 57487 | Elf:1    | Bought a scroll of fear for 45 gold pieces
 57487 | Elf:1    | Bought a scroll of summoning for 123 gold pieces
 57884 | Elf:1    | Received a gift from Nemelex Xobeh
 58104 | Elf:2    | Found Qiuqoikh's Magic Scroll Shoppe.
 58108 | Elf:2    | Bought a scroll of silence for 97 gold pieces
 58441 | Elf:2    | Received a gift from Nemelex Xobeh
 58667 | Elf:2    | Acquired the +0 cloak of Good Intentions {Regen+ Int+2}
 58668 | Elf:2    | Acquired a manual of Stealth
 58728 | Elf:2    | Reached XP level 24. HP: 179/179 MP: 0/0
 58740 | Elf:2    | Found a runed translucent gate.
 58740 | Elf:2    | Found a runed translucent gate.
 58740 | Elf:2    | Found a runed translucent gate.
 59633 | Elf:2    | Received a gift from Nemelex Xobeh
 59823 | Elf:3    | Entered Level 3 of the Elven Halls
 59850 | Elf:3    | Identified the +0 short sword of Revolt {drain, *Slow rPois
                  | rC+ Int+2}
 60295 | Elf:3    | Identified the +10 scimitar of Jaikhil {venom, rCorr
                  | Stlth+}
 60915 | Elf:3    | Identified the +9 dagger of the Common Good {distort, rC+}
 60920 | Elf:3    | Identified the amulet "Ketug" {Reflect Str+2 SH+5}
 60925 | Elf:3    | Cast into level 2 of the Abyss (a deep elf sorcerer)
 60931 | Abyss:2  | Paralysed by a floating eye for 2 turns
 60953 | Elf:3    | Escaped the Abyss
 61414 | Elf:3    | Identified the ring of Juhuic {rC+ Str+4}
 61454 | Elf:3    | Identified the +2 war axe of Misery {drain, Contam rC+
                  | rCorr}
 61778 | Elf:3    | Received a gift from Nemelex Xobeh
 61853 | Elf:3    | Found the amulet of Vitality {Regen+ HP+15}
 62480 | Slime:1  | Entered Level 1 of the Pits of Slime
 63053 | Slime:1  | Received a gift from Nemelex Xobeh
 63334 | Slime:3  | Received a gift from Nemelex Xobeh
 63679 | Slime:4  | Reached XP level 25. HP: 147/187 MP: 0/0
 63679 | Slime:4  | Learned a level 8 spell: Lehudib's Crystal Spear
 63719 | Slime:4  | Gained mutation: Your body sometimes deteriorates upon
                  | taking damage. [a shining eye]
 63733 | Slime:4  | Gained mutation: Your body often deteriorates upon taking
                  | damage. [a shining eye]
 63838 | Slime:4  | Gained mutation: You have a pair of small antennae on your
                  | head. [a shining eye]
 64168 | Slime:5  | Entered Level 5 of the Pits of Slime
 64220 | Slime:5  | Paralysed by a floating eye for 2 turns
 64232 | Slime:4  | Paralysed by a floating eye for 2 turns
 64314 | Slime:5  | Received a gift from Nemelex Xobeh
 64673 | Slime:5  | Noticed the Royal Jelly
 64804 | Slime:5  | Killed the Royal Jelly
 65465 | Slime:5  | Got a slimy rune of Zot
 65479 | Slime:5  | Identified the +9 plate armour "Buboyllodaa" {+Blink
                  | Will+++ rCorr Stlth-}
 65481 | Slime:5  | Found the +3 crown of Dyrovepreva {rElec Int+2 SInv}
 65493 | Slime:5  | Identified the ring of Starshine {Will+ MP+9 SInv}
 65506 | Slime:5  | Identified the +5 hand crossbow "Cietzuno" {elec, rN+ Will+
                  | Str+2 Dex-4}
 65519 | Slime:5  | Identified the +1 robe "Hays" {rPois Int-4 SInv Archmagi}
 65944 | Depths:3 | Killed a caustic shrike
 66248 | Depths:2 | Banished a caustic shrike
 66248 | Depths:2 | Banished a caustic shrike
 66897 | Depths:3 | Received a gift from Nemelex Xobeh
 67162 | Depths:3 | Lost mutation: Your body often deteriorates upon taking
                  | damage. [potion of mutation]
 67162 | Depths:3 | Gained mutation: Your body often deteriorates upon taking
                  | damage. [potion of mutation]
 67162 | Depths:3 | Gained mutation: You are frail. (-10% HP) [potion of
                  | mutation]
 67163 | Depths:3 | Lost mutation: You are frail. (-10% HP) [potion of
                  | mutation]
 67163 | Depths:3 | Lost mutation: Your body often deteriorates upon taking
                  | damage. [potion of mutation]
 67163 | Depths:3 | Gained mutation: Armour fits poorly on your strangely
                  | shaped body. [potion of mutation]
 67163 | Depths:3 | Gained mutation: Your spells are a little harder to cast,
                  | but a little more powerful. [potion of mutation]
 67164 | Depths:3 | Lost mutation: Your body sometimes deteriorates upon taking
                  | damage. [potion of mutation]
 67164 | Depths:3 | Lost mutation: Armour fits poorly on your strangely shaped
                  | body. [potion of mutation]
 67164 | Depths:3 | Lost mutation: Your spells are a little harder to cast, but
                  | a little more powerful. [potion of mutation]
 67164 | Depths:3 | Gained mutation: Your muscles are strong. (Str +2) [potion
                  | of mutation]
 67164 | Depths:3 | Gained mutation: Your spells are a little harder to cast,
                  | but a little more powerful. [potion of mutation]
 67589 | Depths:3 | HP: 5/189 [spriggan berserker[a spriggan defender] (34)]
 67589 | Depths:3 | Slain by a polar bear

Illustrated notes

Levels and vault maps discovered:
D:1:      elethiomel_arrival_quiet, layout_rooms,
          hellmonk_ecumenical_altar_blasted, minmay_misc_feat_cross
D:2:      wander_river, layout_rooms
D:3:      layout_basic, vehumet_altar_wand_db, gammafunk_ghost_split,
          hangedman_decor_lopped, chequers_serial_rivers_small_b
D:4:      layout_rooms, nemelex_xobeh_ov_fountains_minmay,
          mainiacjoe_overflow_boulevard, serial_shops, kennysheep_little_box,
          minivault_19, uniq_duvessa, uniq_purgy
D:5:      layout_loops_cross, kennysheep_orc_sif_temple,
          okawaru_altar_gauntlet_db, minmay_misc_feat_columns
D:6:      layout_cave_pods, jmf_multi_god_temple2,
          pdpol_wu_jian_five_deadly_venoms, kiku_gazebo_pond_becter
D:7:      layout_cave_pools, mainiacjoe_overflow_paths, jmf_multi_god_temple,
          minmay_temple_entry_waves, serial_shops, shop_statue
D:8:      wander_kiku_kobolds, layout_basic
D:9:      layout_loops_ring, lemuel_doored_altar, fedhas_altar_1, serial_shops,
          nicolae_shop_window_shopping, minmay_holes
D:10:     nicolae_whirlpool, layout_basic
D:11:     layout_loops_ring, dpeg_oklobed_lair, orc_0_dummy, serial_shops,
          nicolae_square_shop, uniq_erolcha, uniq_snorg
D:12:     minmay_razor_zed, layout_cave_pools, trog_three_pillars_becter
D:13:     kennysheep_windowed_halls, layout_loops_ring, david_vaults_2,
          portal_ice_cave_entry_ice_simulacra, lemuel_nasty_fountain
D:14:     layout_loops_ring, kennysheep_cross_room, grunt_tough_drop,
          uniq_josephine
D:15:     gammafunk_enter_depths_forms, layout_long_grid, serial_park_square3
          [serial_park_minivault_5x5_4]
Lair:1:   layout_gridlike, basic_altar
Lair:2:   layout_chaotic_city, grunt_forest_stairs_basic, columned_hall_lemuel,
          grunt_megastairs_1, minmay_lair_oklob_chamber
Lair:3:   layout_layer_cave, gammafunk_ghost_split, basic_altar,
          infiniplex_staircase_pool_2
Lair:4:   layout_cave_pods, elwin_shoals_entry_stream,
          minmay_snake_entry_six_corridors, nicolae_volcano_entry_vermiform
Lair:5:   layout_layer_cave, beast_lair_carwin_7
Lair:6:   evilmike_catoblepas_cave, layout_cave_pods, slime_altar_1,
          kennysheep_rathole, uniq_urug
Shoals:1: layout_shoals, nicolae_shoals_square_sea_wall, lightli_airlock,
          uniq_louise
Shoals:2: layout_shoals
Shoals:3: layout_shoals, nicolae_shoals_abyss_on_the_beach
Shoals:4: shoals_end_simple, layout_shoals, uniq_kirke
Snake:1:  layout_honeycomb, uniq_aizul
Snake:2:  nicolae_snake_attic_fulla_snakes, layout_rooms, serial_shops,
          nicolae_stop_n_shop_2, drop_trap, nicolae_shop_sticking_my_neck_out,
          serial_bayou_shore_b, minmay_shop_grove
Snake:3:  layout_chambers
Snake:4:  hellmonk_snake_rune_quicksilver_temple, layout_cave_town
Slime:1:  layout_caves
Slime:2:  layout_caves
Slime:3:  layout_caves, nicolae_slime_barrier
Slime:4:  layout_caves
Slime:5
Orc:1:    layout_caves
Orc:2:    grunt_orc_cross, layout_diamond_mine, nicolae_shop_gadgets,
          uniq_donald
Elf:1:    layout_gridlike, serial_shops, shop, basic_altar,
          minmay_elf_necromancy, lemuel_upstairs_altar, grunt_megastairs_2,
          uniq_frances, uniq_roxanne
Elf:2:    elven_hall_of_blades_hangedman_original [nicolae_blade_little_rooms],
          layout_gridlike, serial_shops, nicolae_shop_stone
Elf:3:    minmay_elf_hall_not_hex, layout_rooms
Vaults:1: nicolae_vaults_rhombus_6, nicolae_vaults_network_square,
          hangedman_vaults_slice, nicolae_vaults_display_case,
          hangedman_vaults_stagger, hangedman_vaults_nodes,
          layout_vaults_omnigrid
Vaults:2: nicolae_vaults_stairing_the_circle, v_alt_pattern_4,
          vaults_room_fancy_cross, grunt_vaults_focal,
          ontoclasm_vaults_shuriken, nicolae_vaults_diagonal_hallway_8,
          v_pattern_2, layout_vaults_big_room, uniq_margery, uniq_bai_suzhen,
          uniq_boris
Vaults:3: vaults_dpeg_spiral, v_pattern_1, nicolae_vaults_diagonal_hallway_8,
          minmay_crypt_entry_simple_plaza, v_misc_1, st_cells,
          ontoclasm_vaults_hangar, hangedman_vaults_stretched_pinwheel,
          nicolae_vaults_inception_scallops, ontoclasm_vaults_pinch, v_misc_27,
          v_alt_pattern_4, v_misc_3, layout_vaults_maze_bifur, serial_shops,
          shop_statue, uniq_asterion
Vaults:4: v_misc_27, vaults_standard_mumra_enter_the_diamond, v_rooms_1,
          ontoclasm_vaults_claustrophobia, grunt_vaults_bifocal,
          grunt_vaults_funnel, vaults_room_guarded_vault,
          nicolae_vaults_ring_of_whatevers, v_misc_9, v_pattern_3,
          vaults_dpeg_hooks, nicolae_vaults_asterisk,
          nicolae_vaults_little_squares_3, layout_vaults_ring
Depths:1: layout_gridlike, enter_ziggurat_f, kennysheep_big_empty_room,
          pf_hell_entry_tar_spiral, pan_entry, kennysheep_small_square,
          serial_bayou_shore_a, firewood_loft
Depths:2: minmay_central_circle, layout_gridlike, grunt_hell_entry_dis_grunt,
          nicolae_gozag_zags_fifth_avenue, serial_shops,
          nicolae_shop_window_shopping, solitary_fountain,
          grunt_qazlal_sundering
Depths:3: evilmike_inaccessible_box, layout_cave_shapes, grunt_pan_entry_spiral,
          hell_entry, minmay_fire_ice_demons, infiniplex_staircase_spiral

Skill      XL: |  1  2  3  4  5  6  7  8  9 10 11 12 13 14 15 16 17 18 19 20 21 22 23 24 25 |
---------------+----------------------------------------------------------------------------+-----
Stealth        | 2 3 4 5 6 7 8 9 10 11 12 13 14 | 14.8
Dodging        | 3 4 5 6 7 9 10 11 12 13 14 15 16 17 18 | 18.1
Spellcasting   | 3 4 5 6 7 8 9 10 11 12 13 14 15 16 17 | 17.4
Fighting       | 1 2 3 5 6 7 8 9 10 11 13 14 15 16 17 18 | 18.9
Invocations    | 3 5 6 8 9 10 11 12 | 12.2
Staves         | 4 7 10 11 12 13 14 | 14.0
Evocations     | 2 4 5 6 7 |  7.8
Armour         | 1 3 4 6 7 8 9 10 11 12 13 | 13.9

Action                   |  1- 3 |  4- 6 |  7- 9 | 10-12 | 13-15 | 16-18 | 19-21 | 22-24 | 25-27 || total
-------------------------+-------+-------+-------+-------+-------+-------+-------+-------+-------++-------
Melee: Dagger            |       |    12 |    63 |    18 |       |     4 |       |       |       ||    97
       Short sword       |       |     4 |       |       |       |       |       |       |       ||     4
       Quarterstaff      |       |       |       |    11 |    10 |       |       |       |       ||    21
       Staff             |       |       |       |     6 |    28 |     8 |       |       |       ||    42
       Lajatang          |       |       |       |       |    20 |   176 |   919 |   696 |    76 ||  1887
       Unarmed           |       |       |       |       |       |       |       |    17 |       ||    17
       Bite              |       |       |       |       |       |       |       |     4 |       ||     4
       Tailslap          |       |       |       |       |       |       |       |     2 |       ||     2
 Cast: Foxfire           |    42 |    65 |   127 |   175 |    37 |     8 |       |     1 |     1 ||   456
       Sticky Flame      |       |     5 |    22 |    34 |    62 |    70 |    51 |    47 |    10 ||   301
       Conjure Flame     |       |     1 |     3 |     9 |    13 |     7 |       |     3 |       ||    36
       Inner Flame       |       |       |     2 |     9 |     6 |     7 |       |     1 |     2 ||    27
       Fireball          |       |       |     9 |   103 |   316 |   368 |   221 |   259 |    77 ||  1353
       Poisonous Vapours |       |       |       |    10 |    31 |    64 |    47 |    40 |     1 ||   193
       Animate Armour    |       |       |       |     1 |     1 |       |     2 |       |       ||     4
       Gell's Gravitas   |       |       |       |       |    42 |    11 |     6 |    17 |       ||    76
       Metabolic Englaci |       |       |       |       |    50 |    90 |    78 |    67 |    12 ||   297
       Conjure Ball Ligh |       |       |       |       |     5 |    12 |     7 |     5 |     2 ||    31
       Magic Dart        |       |       |       |       |       |     3 |    11 |     2 |       ||    16
       Wereblood         |       |       |       |       |       |     2 |     5 |     2 |       ||     9
       Starburst         |       |       |       |       |       |    27 |    18 |    58 |    13 ||   116
       Infestation       |       |       |       |       |       |       |       |     9 |       ||     9
       Dragon Form       |       |       |       |       |       |       |       |     3 |       ||     3
       Statue Form       |       |       |       |       |       |       |       |     1 |       ||     1
       Lehudib's Crystal |       |       |       |       |       |       |       |       |    68 ||    68
Invok: Deal Four         |       |       |       |     1 |       |       |       |     1 |     3 ||     5
       Draw Summoning    |       |       |       |       |     9 |     2 |     3 |     1 |     2 ||    17
       Draw Destruction  |       |       |       |       |     3 |     5 |    10 |     9 |     4 ||    31
       Draw Escape       |       |       |       |       |     1 |     1 |     1 |     3 |       ||     6
       Triple Draw       |       |       |       |       |       |       |       |       |     1 ||     1
 Abil: End Transformatio |       |       |       |       |       |       |       |     2 |       ||     2
       Breathe Fire      |       |       |       |       |       |       |       |     1 |       ||     1
Evoke: Wand              |       |       |       |       |     2 |     2 |     9 |     3 |       ||    16
       Condenser vane    |       |       |       |       |       |       |       |     1 |       ||     1
  Use: Scroll            |       |       |    18 |     4 |    10 |     5 |     2 |     7 |     3 ||    49
       Potion            |       |       |       |       |       |     1 |     4 |     2 |     4 ||    11
 Stab: Sleeping          |       |     1 |     4 |     2 |       |     9 |    17 |    11 |     2 ||    46
       Distracted        |       |       |       |       |       |     1 |     2 |     2 |       ||     5
Armor: Robe              |       |     7 |    51 |    20 |       |       |       |       |       ||    78
       Troll leather arm |       |       |       |    18 |    66 |   108 |   227 |   301 |    84 ||   804
       Skin              |       |       |       |       |       |       |       |     8 |       ||     8
Dodge: Dodged            |     8 |    30 |    90 |   129 |   181 |   348 |   676 |   797 |   190 ||  2449
